 Dungeon Crawl Stone Soup version 0.26-a0-638-gcca6ad1b57 (webtiles) character file.

Game seed: 3622759670971841185

157 DogServant the Digger (level 5, 0/29 HPs)
             Began as a Gargoyle Earth Elementalist on Sept 14, 2020.
             Slain by a gnoll
             ... wielding a +0 spear
              (2 damage)
             ... on level 3 of the Dungeon.
             The game lasted 00:06:16 (3123 turns).

DogServant the Digger (Gargoyle Earth Elementalist) Turns: 3123, Time: 00:06:16

Health: 0/29       AC:  7    Str: 12    XL:     5   Next: 38%
Magic:  8/10       EV: 12    Int: 16    God:
Gold:   146        SH:  0    Dex: 10    Spells: 9/10 levels left

rFire    . . .     SeeInvis .   l - +0 club
rCold    . . .     Faith    .   (no shield)
rNeg     + . .     Spirit   .   c - +1 robe
rPois    ∞         Reflect  .   (no helmet)
rElec    +         Harm     .   (no cloak)
rCorr    .         Rampage  .   (no gloves)
MR       .....                  (no boots)
Stlth    +.........             (no amulet)
HPRegen  0.09/turn              g - ring of flight
MPRegen  0.12/turn              (no ring)

@: very slow
A: negative energy resistance 1, electricity resistance, unbreathing,
petrification resistance, rot immunity, AC +4
a: Evoke Flight


You were on level 3 of the Dungeon.
You visited 1 branch of the dungeon, and saw 3 of its levels.

You collected 146 gold pieces.

Inventory:

Hand Weapons
 l - a +0 club (weapon)
Missiles
 b - 3 stones (quivered)
Armour
 c - a +1 robe (worn)
 f - a +0 pair of boots
 k - a +0 pair of gloves
Jewellery
 g - a ring of flight (left hand)
Scrolls
 a - a scroll of enchant armour
 d - 3 scrolls of teleportation {unknown}
 e - 2 scrolls of fear {unknown}
 h - a scroll of enchant weapon {unknown}
 i - a scroll of amnesia {unknown}
 j - a scroll of blinking {unknown}
 m - a scroll of random uselessness {unknown}
 o - a scroll of noise {unknown}
Potions
 n - 2 potions of heal wounds {unknown}
 p - 2 potions of mutation {unknown}
 q - a potion of invisibility {unknown}


   Skills:
 + Level 1.5 Fighting
 - Level 1.7 Dodging
 - Level 2.2 Stealth
 + Level 3.4 Spellcasting
   Level 0.7 Transmutations
 + Level 5.5 Earth Magic


You had 9 spell levels left.
You knew the following spells:

 Your Spells              Type           Power        Failure   Level
a - Sandblast             Erth           ###...       1%          1

Your spell library contained the following spells:

 Spells                   Type           Power        Failure   Level
 Passwall                 Tmut/Erth      ##......     8%          2
 Stone Arrow              Conj/Erth      ##....       17%         3
 Petrify                  Tmut/Erth      ##......     45%         4
 Lee's Rapid Deconstruct  Erth           ###.......   45%         5
 Confusing Touch          Hex            #.......     47%         3
 Gell's Gravitas          Tloc           #.........   47%         3
 Metabolic Englaciation   Hex/Ice        #.........   99%         5
 Yara's Violent Unravell  Hex/Tmut       #.........   99%         5


Dungeon Overview and Level Annotations

Branches:
Dungeon (3/15)

Altars:


Innate Abilities, Weirdness & Mutations

You are resistant to torment.
Your stone body is resilient. (AC +4)
You are immune to poison.
You resist negative energy. (rN+)
You are resistant to electric shocks. (rElec)
You can survive without breathing.
You are immune to petrification.
You are immune to rotting.


Message History

You hear a splash.
b - 4 stones The adder bites you.
* * * LOW HITPOINT WARNING * * *
The adder bites you.
* * * LOW HITPOINT WARNING * * *
Casting: Sandblast (safe; 1% risk of failure)
Confirm with . or Enter, or press ? or * to list all spells.
Press: ? - help, Shift-Dir - straight line, f - adder, p - gnoll
Aim: an adder The blast of sand misses the adder.
b - 3 stones The adder bites you.
* * * LOW HITPOINT WARNING * * *
Unknown command.
As you read the scroll labeled EDIESM OHUCAEN, it crumbles to dust.
It is a scroll of enchant armour.
Your +0 robe glows green for a moment.
The adder misses you.
The gnoll hits you from afar with a +0 spear.
You die...

#..........#≈≈##..(..#
#.###......##≈≈###.###
#. #.......#≈≈# #.##
#g #.......##≈# #..#
.g #.......##≈####≈#
.S #.......##g≈# #≈#
#.. ##########g≈# #≈##
... ####S≈# #≈≈#
#≈#≈@## #≈≈#
#≈#≈≈####≈≈#
#≈≈≈###≈##≈# #≈≈≈#
#≈##≈# ##≈≈# #≈##≈#
##≈# #≈##≈# #≈###≈≈#≈#
#≈≈≈≈#≈#≈# #≈≈≈≈#≈#≈#


You could see 2 gnolls and an adder.

Vanquished Creatures
  2 orc wizards (D:3)
  2 adders (D:2)
  An ooze (D:2)
  2 worms
  2 dart slugs (D:2)
  6 leopard geckos
  3 orcs
  A ball python (D:1)
  6 bats
  4 giant cockroaches
  9 goblins
  4 hobgoblins
  6 kobolds
  8 rats
56 creatures vanquished.

Vanquished Creatures (others)
  A dart slug (D:2)
1 creature vanquished.

Grand Total: 57 creatures vanquished

Notes
Turn   | Place    | Note
-------+----------+-------------------------------------------
     0 | D:1      | DogServant the Gargoyle Earth Elementalist began the quest
                  | for the Orb.
     0 | D:1      | Reached XP level 1. HP: 10/10 MP: 3/3
   199 | D:1      | Reached skill level 4 in Earth Magic
   265 | D:1      | Reached XP level 2. HP: 14/15 MP: 3/5
  1308 | D:2      | Reached XP level 3. HP: 8/19 MP: 0/6
  1929 | D:2      | Reached XP level 4. HP: 24/24 MP: 4/8
  2149 | D:2      | Reached skill level 5 in Earth Magic
  2678 | D:3      | Reached skill level 1 in Fighting
  2678 | D:3      | Reached XP level 5. HP: 25/29 MP: 6/9
  3123 | D:3      | Slain by a gnoll

Illustrated notes

Levels and vault maps discovered:
D:1:      minmay_arrival_four_loops, layout_basic
D:2:      layout_basic
D:3:      layout_basic, chequers_serial_rivers_large_b

Skill      XL: |  1  2  3  4 |
---------------+-------------+-----
Earth Magic    | 4 5 |  5.5
Spellcasting   | 3 |  3.4
Fighting       | 1 |  1.5
Dodging        | |  1.7
Stealth        | |  2.2
Transmutations | |  0.7

Action                   |  1- 3 |  4- 6 || total
-------------------------+-------+-------++-------
Melee: Unarmed           |   141 |    19 ||   160
       Club              |       |    88 ||    88
Throw: Throwing net      |       |     1 ||     1
 Cast: Sandblast         |    27 |    18 ||    45
  Use: Scroll            |       |     1 ||     1
 Stab: Sleeping          |     1 |     1 ||     2
Armor: Robe              |    84 |    55 ||   139
Dodge: Dodged            |   145 |    95 ||   240

Table legend: (Time is in decaauts)
 A = Elapsed time spent in this place.
 B = Non-inter-level travel time spent in this place.
 C = Inter-level travel time spent in this place.
 D = Time resting spent in this place.
 E = Time spent auto-exploring this place.
 F = Levels seen in this place.
 G = Mean time per level.
                   A        B        C        D        E       F      G
               +--------+--------+--------+--------+--------+-----+--------+
         Total |   3180 |   3134 |     46 |    332 |   2099 |   3 | 1060.0 |
       Dungeon |   3180 |   3134 |     46 |    332 |   2099 |   3 | 1060.0 |
               +--------+--------+--------+--------+--------+-----+--------+

Top non-repeatable levels by time:
     D:1: 1516 daAuts
     D:2: 1135 daAuts
     D:3: 528 daAuts
